 Dungeon Crawl Stone Soup version 0.29.0-4-gdea44cf6ec (webtiles) character file.

Game seed: 5752419225481904529

1510 qw the Cleaver (level 8, -1/70 HPs)
             Began as a Minotaur Fighter on Sept 6, 2022.
             Succumbed to Amaemon's poison
             ... on level 8 of the Dungeon.
             The game lasted 00:02:29 (6144 turns).

qw the Cleaver (Minotaur Fighter)                   Turns: 6144, Time: 00:02:30

Health: -1/70      AC: 13    Str: 22    XL:     8   Next: 53%
Magic:  7/7        EV: 11    Int:  7    God:
Gold:   523        SH:  5    Dex: 16    Spells: 7/7 levels left

rFire   . . .      SeeInvis +   Y - +0 war axe
rCold   . . .      Faith    .   c - +0 buckler
rNeg    . . .      Spirit   .   g - +4 scale mail of Ucosm {Int+2 Dex+5}
rPois   .          Reflect  .   (helmet restricted)
rElec   .          Harm     .   (no cloak)
rCorr   .          Rampage  .   h - +1 pair of gloves
Will    .....                   (no boots)
Stlth   ..........              (no amulet)
HPRegen 0.21/turn               b - ring of see invisible
MPRegen 0.10/turn               (no ring)

@: lethally poisoned (-1 -> -20), about to teleport
A: horns 2, retaliatory headbutt
a: no special abilities


You were on level 8 of the Dungeon.
You visited 2 branches of the dungeon, and saw 9 of its levels.

You collected 523 gold pieces.


Innate Abilities, Weirdness & Mutations

You have a pair of horns on your head.
You reflexively headbutt those who attack you in melee.


   Skills:
 - Level 6.2 Fighting
 + Level 10.8 Axes
 - Level 2.6 Throwing
 - Level 3.6 Armour
 - Level 3.1 Dodging
 - Level 3.6 Shields


You had 7 spell levels left.
You didn't know any spells.
Your spell library was empty.

Inventory:

Hand Weapons
 e - a +0 flail of protection
 Y - a +0 war axe (weapon)
Missiles
 m - a javelin (quivered)
Armour
 c - a +0 buckler (worn)
 g - the +4 scale mail of Ucosm (worn) {Int+2 Dex+5}
   (You found it on level 3 of the Dungeon)

   Int:       It affects your intelligence (+2).
   Dex:       It affects your dexterity (+5).
 h - a +1 pair of gloves (worn)
Jewellery
 b - a ring of see invisible (left hand)
Scrolls
 f - 2 scrolls of teleportation
 i - 2 scrolls of identify
Potions
 a - 9 potions of curing
 d - 2 potions of might
 j - a potion of cancellation
 k - a potion of haste
 l - a potion of lignification {unknown}

Dungeon Overview and Level Annotations

Branches:
Dungeon (8/15)             Temple (1/1) D:5
   Lair: D:8-11

Altars:
Ashenzari
Dithmenos
Elyvilon
Fedhas
Gozag
Hepliaklqana
Kikubaaqudgha
Makhleb
Nemelex Xobeh
Okawaru
Qazlal
Sif Muna
Trog
Uskayaw
Wu Jian
Yredelemnul
Zin
The Shining One
Lugonu

Annotations:
D:8 Amaemon


Message History

You feel very sick. Amaemon completely misses you. You furiously retaliate!
You headbutt Amaemon. Amaemon claws you but does no damage.
Amaemon tail-slaps you but does no damage.
The orange demon stings you from afar.
You slash Amaemon! You headbutt Amaemon!
Amaemon is severely wounded.
You feel very sick.
Amaemon gestures wildly while chanting.
The orange demon closely misses you.
You barely miss Amaemon.
Amaemon is severely wounded.
You feel very sick.
The orange demon no longer looks unusually toxic.
Amaemon's tail lashes.
Amaemon hits you but does no damage.
You are more poisoned.
Amaemon barely misses you. Amaemon tail-slaps you.
You are lethally poisoned!
Amaemon poisons you! The orange demon misses you.
You slash Amaemon!
Amaemon is almost dead.
You hit the scorpion but do no damage.
You feel very sick. The scorpion closely misses you.
Amaemon casts a spell.
You block the orange demon's attack.
6143 ||| READING 3 scrolls of teleportation.
As you read the scroll of teleportation, it crumbles to dust.
You feel strangely unstable.
You feel very sick.
The scorpion stings you but does no damage.
You block the scorpion's attack. Amaemon hits you but does no damage.
Amaemon misses you. Amaemon tail-slaps you.
The orange demon stings you from afar.
You hit Amaemon but do no damage. Your headbutt misses Amaemon.
Amaemon is almost dead.
You closely miss the scorpion. You barely miss the scorpion.
You hit the scorpion.
You die...

...#..[ #....#...#.#.
#....##......
#....##....##
#....###.#...
#############....###.#.##
.........................
.........s.............#.
.......s#s#............#.
........@6........#.....
#########s#...#...#......
#4...)#...#.....[
......#...##.....
....#.....###.#.##
.....#####. ..6....
#......( #........


You could see Amaemon, an orange demon and 4 scorpions.

Vanquished Creatures
  A water moccasin (D:5)
  An ice beast (D:7)
  An orc warrior (D:6)
  A sky beast (D:7)
  A centaur (D:7)
  An ogre (D:5)
  A phantom (D:4)
  A kobold brigand (D:8)
  3 bullfrogs
  2 necrophages
  3 howler monkeys
  3 hounds
  A jelly (D:5)
  An iguana (D:6)
  An orc wizard (D:6)
  4 gnolls (D:3)
  4 adders
  A shadow imp (D:5)
  2 white imps
  4 worms
  6 dart slugs
  21 orcs
  9 ball pythons
  9 endoplasms
  2 giant cockroaches
  5 goblins
  3 hobgoblins
  2 quokkas (D:2)
  3 bats
  2 frilled lizards (D:2)
  10 kobolds
  7 rats
116 creatures vanquished.

Notes
Turn   | Place    | Note
-------+----------+-------------------------------------------
     0 | D:1      | qw the Minotaur Fighter began the quest for the Orb.
     0 | D:1      | Reached XP level 1. HP: 19/19 MP: 0/0
     0 | D:1      | 0 ||| qw: Version: 0.1-a-108-g9e35731
     0 | D:1      | 0 ||| qw: Game counter: 6341
     0 | D:1      | 0 ||| qw: Always use a shield: true
     0 | D:1      | 0 ||| qw: God list: Ru
     0 | D:1      | 0 ||| qw: Allow faded altars: false
     0 | D:1      | 0 ||| qw: Do Orc after D:15 true
     0 | D:1      | 0 ||| qw: Do second Lair branch before Depths: true
     0 | D:1      | 0 ||| qw: Lair rune preference: random
     0 | D:1      | 0 ||| qw: Plans: Normal
     0 | D:1      | 0 ||| PLANNING D:1-11
   139 | D:1      | Reached skill level 3 in Axes
   426 | D:1      | 426 ||| Stepping ~*~*~tactically~*~*~ (hiding).
   427 | D:1      | 427 ||| Stepping ~*~*~tactically~*~*~ (hiding).
   434 | D:1      | Reached XP level 2. HP: 18/26 MP: 1/1
   693 | D:1      | 693 ||| DROPPING +0 club.
   782 | D:1      | Reached skill level 4 in Axes
   846 | D:1      | Found a faded altar of an unknown god.
   896 | D:1      | 896 ||| UPGRADING to +0 pair of gloves.
   901 | D:1      | 901 ||| DROPPING amulet of faith.
   902 | D:1      | 902 ||| READING scroll labelled HAVA PEMPIBE.
   903 | D:1      | 903 ||| READING scroll labelled VUMIOXATHY.
   929 | D:2      | 929 ||| Stepping ~*~*~tactically~*~*~ (stealth).
   983 | D:2      | Reached XP level 3. HP: 31/31 MP: 2/2
  1120 | D:2      | 1120 ||| Stepping ~*~*~tactically~*~*~ (stealth).
  1302 | D:2      | Reached skill level 5 in Axes
  1807 | D:2      | 1807 ||| READING scroll labelled IMAAQ FYLALUA.
  1808 | D:2      | 1808 ||| READING scroll labelled JUVOIGROUTI.
  1809 | D:2      | 1809 ||| READING scroll labelled UBIHUORIYS.
  1810 | D:2      | 1810 ||| DRINKING 3 cyan potions.
  1811 | D:2      | 1811 ||| DRINKING 2 bubbling yellow potions.
  1812 | D:2      | 1812 ||| DROPPING potion of degeneration.
  1813 | D:2      | 1813 ||| Stepping randomly (stuck).
  1814 | D:2      | 1814 ||| Stepping ~*~*~tactically~*~*~ (cloud).
  2125 | D:3      | Found a burning altar of Makhleb.
  2132 | D:3      | Identified the +4 scale mail of Ucosm {Int+2 Dex+5}
  2171 | D:3      | Reached XP level 4. HP: 39/39 MP: 3/3
  2245 | D:3      | Found a stormy altar of Qazlal.
  2318 | D:3      | Found a basalt altar of Yredelemnul.
  2336 | D:3      | Reached skill level 1 in Dodging
  2354 | D:3      | Found a shimmering blue altar of Sif Muna.
  2500 | D:3      | 2500 ||| Stepping ~*~*~tactically~*~*~ (stealth).
  2502 | D:3      | 2502 ||| Stepping ~*~*~tactically~*~*~ (hiding).
  2503 | D:3      | 2503 ||| Stepping ~*~*~tactically~*~*~ (hiding).
  2721 | D:3      | 2721 ||| DROPPING +0 whip.
  2741 | D:3      | 2741 ||| Stepping ~*~*~tactically~*~*~ (hiding).
  3003 | D:3      | Reached skill level 6 in Axes
  3248 | D:3      | 3248 ||| UPGRADING to +4 scale mail of Ucosm {Int+2 Dex+5}.
  3258 | D:3      | 3258 ||| DROPPING +0 scale mail.
  3259 | D:3      | 3259 ||| DROPPING +6 ring of intelligence.
  3260 | D:3      | 3260 ||| DROPPING ring of wizardry.
  3261 | D:3      | 3261 ||| READING scroll labelled POSEZISTROAN.
  3344 | D:4      | Noticed a phantom
  3352 | D:4      | Killed a phantom
  3353 | D:4      | Reached XP level 5. HP: 45/45 MP: 4/4
  3579 | D:4      | Found a sparkling altar of Nemelex Xobeh.
  3579 | D:4      | Found an opulent altar of Gozag.
  3678 | D:4      | 3678 ||| Stepping ~*~*~tactically~*~*~ (hiding).
  3679 | D:4      | 3679 ||| Stepping ~*~*~tactically~*~*~ (hiding).
  3689 | D:4      | Reached skill level 7 in Axes
  3883 | D:4      | 3883 ||| UPGRADING to ring of see invisible.
  3884 | D:4      | 3884 ||| READING 2 scrolls of identify.
  3884 | D:4      | 3884 ||| IDENTIFYING silvery potion
  3885 | D:4      | 3885 ||| DROPPING potion of ambrosia.
  3912 | D:5      | Entered Level 5 of the Dungeon
  3949 | D:5      | Noticed a water moccasin
  3955 | D:5      | Killed a water moccasin
  3956 | D:5      | Reached XP level 6. HP: 41/51 MP: 5/5
  4145 | D:5      | 4145 ||| Stepping ~*~*~tactically~*~*~ (stealth).
  4154 | D:5      | 4154 ||| Stepping ~*~*~tactically~*~*~ (stealth).
  4156 | D:5      | 4156 ||| Stepping ~*~*~tactically~*~*~ (stealth).
  4160 | D:5      | Reached skill level 3 in Dodging
  4374 | D:5      | Reached XP level 7. HP: 59/59 MP: 6/6
  4451 | D:5      | Found a staircase to the Ecumenical Temple.
  4452 | D:5      | 4452 ||| PLANNING TEMPLE
  4452 | D:5      | 4452 ||| READING 2 scrolls labelled EBLUNO TEST.
  4453 | D:5      | 4453 ||| READING scroll of enchant armour.
  4453 | D:5      | 4453 ||| ENCHANTING +0 pair of gloves.
  4454 | D:5      | 4454 ||| DRINKING 2 fuming brown potions.
  4455 | D:5      | 4455 ||| READING 2 scrolls of identify.
  4455 | D:5      | 4455 ||| IDENTIFYING clear potion
  4465 | Temple   | Entered the Ecumenical Temple
  4497 | Temple   | 4497 ||| PLANNING D:1-11
  4608 | D:6      | 4608 ||| Stepping ~*~*~tactically~*~*~ (hiding).
  4645 | D:6      | Reached skill level 8 in Axes
  4732 | D:6      | 4732 ||| Stepping ~*~*~tactically~*~*~ (stealth).
  4739 | D:6      | 4739 ||| Stepping ~*~*~tactically~*~*~ (stealth).
  4753 | D:6      | 4753 ||| DROPPING +0 flail.
  4768 | D:6      | 4768 ||| Stepping ~*~*~tactically~*~*~ (stealth).
  4777 | D:6      | Found a bloodstained altar of Trog.
  4778 | D:6      | 4778 ||| Stepping ~*~*~tactically~*~*~ (hiding).
  4787 | D:6      | 4787 ||| FLEEEEING.
  4788 | D:6      | 4788 ||| STAIRDANCE
  4866 | D:6      | 4866 ||| STAIRDANCE
  4899 | D:6      | Reached skill level 9 in Axes
  4928 | D:6      | Found a hide-covered altar of Uskayaw.
  5277 | D:6      | 5277 ||| READING scroll labelled ISAWUX FUHA.
  5378 | D:6      | 5378 ||| READING scroll labelled FOSYET HIUGHU.
  5379 | D:6      | 5379 ||| READING 3 scrolls of identify.
  5379 | D:6      | 5379 ||| IDENTIFYING viscous brown potion
  5380 | D:6      | 5380 ||| DROPPING potion of flight.
  5391 | D:7      | 5391 ||| Stepping ~*~*~tactically~*~*~ (hiding).
  5393 | D:7      | 5393 ||| Stepping ~*~*~tactically~*~*~ (hiding).
  5394 | D:7      | 5394 ||| Stepping ~*~*~tactically~*~*~ (hiding).
  5489 | D:7      | 5489 ||| Stepping ~*~*~tactically~*~*~ (stealth).
  5523 | D:7      | 5523 ||| Stepping ~*~*~tactically~*~*~ (hiding).
  5538 | D:7      | Reached XP level 8. HP: 65/68 MP: 7/7
  5680 | D:7      | Reached skill level 10 in Axes
  5702 | D:7      | Found a blossoming altar of Fedhas.
  5702 | D:7      | Found an ancient bone altar of Kikubaaqudgha.
  5928 | D:7      | 5928 ||| DROPPING orb of energy.
  5929 | D:7      | 5929 ||| DROPPING amulet of magic regeneration.
  5961 | D:8      | Reached skill level 6 in Fighting
  5997 | D:8      | 5997 ||| Stepping ~*~*~tactically~*~*~ (stealth).
  5998 | D:8      | 5998 ||| Stepping ~*~*~tactically~*~*~ (stealth).
  6000 | D:8      | 6000 ||| Stepping ~*~*~tactically~*~*~ (stealth).
  6002 | D:8      | 6002 ||| Stepping ~*~*~tactically~*~*~ (stealth).
  6115 | D:8      | Found a white marble altar of Elyvilon.
  6123 | D:8      | Noticed Amaemon
  6124 | D:8      | 6124 ||| Stepping ~*~*~tactically~*~*~ (hiding).
  6126 | D:8      | 6126 ||| Stepping ~*~*~tactically~*~*~ (hiding).
  6133 | D:8      | Noticed an orange demon
  6142 | D:8      | HP: 14/70 [poisoned by Amaemon]
  6143 | D:8      | 6143 ||| READING 3 scrolls of teleportation.
  6143 | D:8      | HP: 3/70 [orange demon[Amaemon] (5)]
  6144 | D:8      | Succumbed to Amaemon's poison

Levels and vault maps discovered:
D:1:      co_arrival_random_square_maze, layout_rooms,
          hellmonk_ecumenical_altar_defaced_shrine, minmay_parallelograms
D:2:      layout_loops_ring, hangedman_decor_points, grunt_ministairs_6,
          kennysheep_another_room
D:3:      layout_basic, mainiacjoe_overflow_concentric_impassable,
          lemuel_doored_altar, lemuel_crystal_altar, marbit_many_paths
D:4:      layout_loops_cross, grunt_temple_overflow_opulence
D:5:      layout_basic, minmay_temple_entry_trees, serial_corexii_hall,
          corexii_hall_statues_x, corexii_hall_statues_u
D:6:      layout_basic, mainiacjoe_overflow_large_starburst
D:7:      layout_cave_pools, grunt_temple_overflow_growth_and_decay
D:8:      layout_basic, lemuel_crystal_altar, uniq_amaemon
Temple:   corrupted_temple

Skill      XL: |  1  2  3  4  5  6  7  8 |
---------------+-------------------------+-----
Axes           | 3 4 5 6 7 9 10 | 10.8
Dodging        | 1 3 |  3.1
Throwing       | 2 |  2.6
Fighting       | 4 5 6 |  6.2
Armour         | |  3.6
Shields        | |  3.6

Action                   |  1- 3 |  4- 6 |  7- 9 || total
-------------------------+-------+-------+-------++-------
Melee: War axe           |    88 |    72 |   100 ||   260
       Headbutt          |    13 |    10 |    23 ||    46
Throw: Javelin           |       |     8 |    26 ||    34
  Use: Scroll            |     5 |     2 |     7 ||    14
       Potion            |     2 |       |     1 ||     3
Armor: Scale mail        |    28 |    29 |    47 ||   104
Dodge: Dodged            |    31 |    31 |    58 ||   120
Block: Buckler           |    13 |    16 |    18 ||    47

Table legend:
 A = Non-vault XP
 B = Vault XP
 C = Vault XP percentage of total XP
 D = Non-vault monster count
 E = Vault monster count
 F = Vault count percentage of total count
                 A         B        C        D         E       F
            +---------+---------+-------+---------+---------+-------
      Total |    2143 |      15 |   0.7 |     110 |       6 |   5.2
            +---------+---------+-------+---------+---------+-------
        D:1 |      24 |      10 |  29.4 |      13 |       3 |  18.8
        D:2 |      51 |       4 |   7.3 |      21 |       2 |   8.7
        D:3 |      87 |       1 |   1.1 |      16 |       1 |   5.9
        D:4 |     125 |       0 |   0.0 |       8 |       0 |   0.0
        D:5 |     514 |       0 |   0.0 |      15 |       0 |   0.0
        D:6 |     365 |       0 |   0.0 |      17 |       0 |   0.0
        D:7 |     640 |       0 |   0.0 |      11 |       0 |   0.0
        D:8 |     337 |       0 |   0.0 |       9 |       0 |   0.0
            +---------+---------+-------+---------+---------+-------
